General information
- name: BNet
- type: Ladder team game (AT/RT)
- host: Battle.net
- saver: SUPAlos3
map: GoldRush
- players: 8
- length: 66:15
- speed: Fast
- version: 1.24 W3XP
- replay type: Public
» download(326 KB)
Players
team 1 (loser)
hotormes (
teal | 19 APM | 483 actions | 24:53)
2 Pandaren Brewmaster
1 Breath of Fire
1 Drunken Haze
» actions
| Build / train | 48 | |
| Enter build submenu | 13 | |
| Enter hero's abilities submenu | 2 | |
| Remove unit from queue | 1 | |
| Right click | 260 | |
| Select / deselect | 138 | |
| Use ability | 21 | |
483 total
» units
| Wisp | 6 | |
| Archer | 20 | |
| Huntress | 11 | |
| Glaive Thrower | 4 | |
| Forest Troll Shadow Priest | 1 | |
| Forest Troll Berserker | 1 | |
| Mud Golem | 1 | |
44 total
» buildings
| Ancient of War | 1 | |
| Hunter's Hall | 1 | |
| Ancient of Wonders | 1 | |
| Moon Well | 3 | |
| Altar of Elders | 1 | |
| Tree of Life | 1 | |
| Ancient Protector | 1 | |
9 total
» build order
00:33 Ancient of War
01:02 Hunter's Hall
02:22 Ancient of Wonders
04:59 Moon Well
05:30 Altar of Elders
06:49 Moon Well
08:15 Moon Well
21:24 Tree of Life
24:14 Ancient Protector
latino1821 (
red | 51 APM | 3073 actions | 59:43)
6 Mountain King
1 Thunder Clap
1 Bash
3 Storm Bolt
1 Avatar
5 Paladin
2 Devotion Aura
2 Holy Light
1 Divine Shield
3 Dark Ranger
1 Black Arrow
2 Life Drain
» actions
| Assign group hotkey | 38 | |
| Basic commands | 329 | |
| Build / train | 169 | |
| ESC pressed | 1 | |
| Enter build submenu | 57 | |
| Enter hero's abilities submenu | 14 | |
| Remove unit from queue | 1 | |
| Right click | 1129 | |
| Select / deselect | 982 | |
| Select group hotkey | 202 | |
| Use ability | 151 | |
3073 total
» units
| Peasant | 43 | |
| Rifleman | 11 | |
| Siege Engine | 10 | |
| Flying Machine | 5 | |
| Mortar Team | 3 | |
| Wisp | 31 | |
| Dryad | 2 | |
| Chimaera | 3 | |
108 total
» upgrades
| Gunpowder | 3 | |
| Armor | 2 | |
| Long Rifles | 1 | |
| Lumber Harvesting | 2 | |
| Barrage | 1 | |
| Plating | 3 | |
| Masonry | 3 | |
| Backpack | 2 | |
| Flying Machine Bombs | 1 | |
| Flak Cannons | 1 | |
| Swords | 1 | |
| Fragmentation Shards | 1 | |
| Flare | 1 | |
| Druid of the Claw Training | 1 | |
| Abolish Magic | 1 | |
| Corrosive Breath | 1 | |
25 total
» buildings
| Altar of Kings | 1 | |
| Farm | 10 | |
| Scout Tower | 11 | |
| Lumber Mill | 2 | |
| Arcane Tower | 2 | |
| Barracks | 2 | |
| Blacksmith | 1 | |
| Town Hall | 6 | |
| Keep | 1 | |
| Guard Tower | 6 | |
| Castle | 1 | |
| Arcane Vault | 1 | |
| Workshop | 3 | |
| Tree of Life | 4 | |
| Moon Well | 3 | |
| Ancient of Wind | 2 | |
| Ancient of Lore | 3 | |
| Tree of Eternity | 1 | |
| Altar of Elders | 1 | |
| Chimaera Roost | 2 | |
63 total
» build order
00:31 Altar of Kings
00:33 Farm
00:59 Scout Tower
01:04 Lumber Mill
01:43 Arcane Tower
01:45 Barracks
01:47 Scout Tower
02:35 Barracks
02:40 Farm
02:41 Arcane Tower
02:51 Farm
03:36 Blacksmith
04:15 Town Hall
04:33 Farm
05:25 Farm
06:37 Keep
06:40 Scout Tower
06:42 Scout Tower
07:22 Guard Tower
07:25 Scout Tower
07:28 Scout Tower
07:31 Lumber Mill
07:57 Guard Tower
09:02 Castle
09:18 Arcane Vault
09:30 Guard Tower
09:56 Workshop
11:30 Workshop
11:32 Workshop
11:52 Farm
11:53 Farm
12:51 Farm
12:53 Farm
13:14 Scout Tower
14:15 Guard Tower
14:17 Scout Tower
14:19 Scout Tower
14:22 Farm
17:58 Guard Tower
18:03 Town Hall
19:04 Town Hall
28:38 Town Hall
28:47 Scout Tower
29:35 Guard Tower
29:36 Scout Tower
31:11 Town Hall
40:02 Tree of Life
40:24 Moon Well
40:29 Moon Well
40:51 Tree of Life
41:18 Town Hall
42:43 Ancient of Wind
42:50 Moon Well
42:55 Ancient of Lore
43:56 Ancient of Lore
43:59 Tree of Eternity
44:11 Ancient of Lore
45:23 Altar of Elders
47:25 Tree of Life
47:32 Ancient of Wind
49:41 Chimaera Roost
49:43 Chimaera Roost
53:38 Tree of Life
» items
| Scroll of Town Portal | 4 | |
| Potion of Lesser Invulnerability | 1 | |
| Scroll of Healing | 1 | |
| Scroll of Protection | 1 | |
7 total

»
Holy. (
orange | 42 APM | 2802 actions | 66:14)
9 Tauren Chieftain
3 Shockwave
3 Endurance Aura
1 Reincarnation
2 War Stomp
7 Shadow Hunter
3 Healing Wave
3 Hex
1 Big Bad Voodoo
» actions
| Assign group hotkey | 38 | |
| Basic commands | 105 | |
| Build / train | 138 | |
| Enter build submenu | 35 | |
| Enter hero's abilities submenu | 16 | |
| Remove unit from queue | 6 | |
| Right click | 858 | |
| Select / deselect | 599 | |
| Select group hotkey | 921 | |
| Use ability | 85 | |
2802 total
» units
| Peon | 35 | |
| Grunt | 11 | |
| Raider | 2 | |
| Tauren | 2 | |
| Demolisher | 3 | |
| Wind Rider | 13 | |
| Shaman | 9 | |
| Wisp | 6 | |
| Glaive Thrower | 4 | |
85 total
» upgrades
| Shaman Training | 2 | |
| Ensnare | 1 | |
| Berserker Strength | 1 | |
| Armor | 3 | |
| Reinforced Defenses | 1 | |
| Pillage | 1 | |
| Burning Oil | 1 | |
| Melee Weapons | 3 | |
| Envenomed Spears | 1 | |
| Ranged Weapons | 3 | |
| Spiked Barricades | 3 | |
20 total
» buildings
| Altar of Storms | 1 | |
| Orc Burrow | 7 | |
| Barracks | 2 | |
| War Mill | 2 | |
| Voodoo Lounge | 1 | |
| Watch Tower | 10 | |
| Great Hall | 3 | |
| Stronghold | 2 | |
| Spirit Lodge | 1 | |
| Beastiary | 3 | |
| Fortress | 1 | |
| Tauren Totem | 2 | |
| Tree of Ages | 1 | |
36 total
» build order
00:11 Altar of Storms
00:17 Orc Burrow
00:38 Barracks
01:33 War Mill
02:00 Voodoo Lounge
02:23 Orc Burrow
02:47 Watch Tower
02:51 Watch Tower
04:33 Great Hall
04:52 Orc Burrow
05:17 Stronghold
05:17 Stronghold
06:19 Great Hall
08:16 Spirit Lodge
08:20 Beastiary
08:47 Fortress
09:02 Watch Tower
09:23 Watch Tower
09:53 Watch Tower
10:07 Watch Tower
10:23 Orc Burrow
11:03 Watch Tower
11:05 Watch Tower
11:20 Great Hall
11:36 War Mill
11:40 Tauren Totem
12:16 Barracks
12:39 Tauren Totem
13:13 Orc Burrow
13:21 Watch Tower
13:24 Watch Tower
13:59 Orc Burrow
14:45 Orc Burrow
16:43 Beastiary
16:45 Beastiary
39:59 Tree of Ages
» items
bleuwaffle (
pink | 17 APM | 1056 actions | 63:31)
5 Death Knight
3 Death Coil
2 Unholy Aura
2 Lich
1 Frost Nova
1 Dark Ritual
» actions
| Basic commands | 53 | |
| Build / train | 110 | |
| Enter build submenu | 55 | |
| Enter hero's abilities submenu | 8 | |
| Remove unit from queue | 4 | |
| Right click | 390 | |
| Select / deselect | 360 | |
| Use ability | 76 | |
1056 total
» units
| Acolyte | 6 | |
| Ghoul | 2 | |
| Crypt Fiend | 36 | |
| Gargoyle | 7 | |
51 total
» upgrades
| Creature Attack | 2 | |
| Creature Carapace | 2 | |
| Web | 1 | |
5 total
» buildings
| Ziggurat | 38 | |
| Altar of Darkness | 2 | |
| Crypt | 3 | |
| Graveyard | 2 | |
| Spirit Tower | 32 | |
| Halls of the Dead | 2 | |
| Necropolis | 1 | |
| Nerubian Tower | 5 | |
| Black Citadel | 1 | |
| Sacrificial Pit | 1 | |
87 total
» build order
00:12 Ziggurat
00:22 Altar of Darkness
00:43 Crypt
01:33 Graveyard
02:03 Ziggurat
02:33 Ziggurat
03:39 Spirit Tower
03:54 Spirit Tower
05:43 Halls of the Dead
05:57 Crypt
08:14 Ziggurat
08:20 Ziggurat
10:23 Spirit Tower
10:25 Spirit Tower
11:30 Spirit Tower
12:02 Ziggurat
18:50 Spirit Tower
20:19 Ziggurat
20:27 Necropolis
20:55 Ziggurat
20:57 Ziggurat
21:01 Ziggurat
21:04 Ziggurat
21:08 Ziggurat
21:11 Ziggurat
21:14 Ziggurat
22:19 Spirit Tower
22:21 Spirit Tower
22:22 Spirit Tower
22:24 Spirit Tower
22:25 Spirit Tower
22:27 Spirit Tower
22:29 Spirit Tower
22:31 Spirit Tower
23:10 Ziggurat
23:13 Ziggurat
24:27 Spirit Tower
24:29 Spirit Tower
24:35 Altar of Darkness
25:34 Crypt
25:39 Ziggurat
25:42 Ziggurat
25:46 Ziggurat
25:49 Ziggurat
25:58 Ziggurat
27:10 Nerubian Tower
27:12 Nerubian Tower
27:13 Nerubian Tower
27:15 Nerubian Tower
27:29 Graveyard
28:36 Nerubian Tower
31:03 Ziggurat
31:42 Ziggurat
39:22 Halls of the Dead
41:45 Spirit Tower
43:25 Ziggurat
43:27 Ziggurat
43:29 Ziggurat
43:32 Ziggurat
43:35 Ziggurat
43:38 Ziggurat
43:42 Ziggurat
43:48 Ziggurat
43:53 Ziggurat
43:55 Ziggurat
44:36 Black Citadel
44:44 Sacrificial Pit
45:23 Spirit Tower
45:25 Spirit Tower
45:26 Spirit Tower
45:27 Spirit Tower
45:29 Spirit Tower
45:30 Spirit Tower
45:32 Spirit Tower
45:33 Spirit Tower
45:35 Spirit Tower
45:36 Spirit Tower
47:50 Ziggurat
47:58 Ziggurat
48:01 Ziggurat
48:05 Ziggurat
48:12 Ziggurat
49:00 Spirit Tower
49:02 Spirit Tower
49:04 Spirit Tower
49:05 Spirit Tower
49:28 Spirit Tower
» items
team 2 (winner)
SUPAlos3 (
green | 62 APM | 4105 actions | 66:15)
8 Blood Mage
3 Flame Strike
3 Siphon Mana
1 Summon Phoenix
1 Banish
2 Shadow Hunter
1 Hex
1 Healing Wave
1 Tauren Chieftain
1 War Stomp
» actions
| Assign group hotkey | 6 | |
| Basic commands | 210 | |
| Build / train | 218 | |
| ESC pressed | 19 | |
| Enter build submenu | 110 | |
| Enter hero's abilities submenu | 11 | |
| Give item / drop item | 10 | |
| Right click | 1607 | |
| Select / deselect | 762 | |
| Select group hotkey | 792 | |
| Use ability | 360 | |
4105 total
» units
| Peasant | 62 | |
| Troll Headhunter/Berserker | 11 | |
| Demolisher | 4 | |
| Peon | 4 | |
| Shaman | 4 | |
| Troll Witch Doctor | 2 | |
| Siege Engine | 7 | |
94 total
» upgrades
| Masonry | 3 | |
| Armor | 2 | |
| Burning Oil | 1 | |
| Barrage | 1 | |
| Gunpowder | 3 | |
| Plating | 3 | |
| Reinforced Defenses | 1 | |
14 total
» buildings
| Lumber Mill | 6 | |
| Altar of Kings | 1 | |
| Farm | 4 | |
| Scout Tower | 163 | |
| Arcane Tower | 4 | |
| Town Hall | 8 | |
| Arcane Vault | 4 | |
| Guard Tower | 54 | |
| Keep | 3 | |
| Castle | 2 | |
| Blacksmith | 2 | |
| Orc Burrow | 2 | |
| Workshop | 2 | |
| Arcane Sanctum | 1 | |
256 total
» build order
00:06 Lumber Mill
00:16 Altar of Kings
00:20 Farm
00:52 Scout Tower
01:22 Arcane Tower
01:38 Farm
03:22 Town Hall
03:27 Scout Tower
03:29 Scout Tower
03:35 Arcane Vault
03:55 Guard Tower
03:56 Scout Tower
03:57 Guard Tower
04:12 Scout Tower
04:29 Guard Tower
04:43 Guard Tower
05:39 Keep
05:39 Keep
06:02 Scout Tower
06:07 Scout Tower
07:09 Guard Tower
09:09 Scout Tower
09:14 Scout Tower
09:15 Scout Tower
09:16 Scout Tower
09:23 Lumber Mill
09:28 Castle
09:54 Guard Tower
09:56 Scout Tower
09:58 Guard Tower
10:00 Scout Tower
10:00 Scout Tower
10:01 Scout Tower
10:03 Scout Tower
10:05 Scout Tower
10:06 Scout Tower
10:27 Guard Tower
10:28 Scout Tower
10:30 Scout Tower
10:37 Guard Tower
10:56 Guard Tower
11:02 Guard Tower
11:04 Scout Tower
11:04 Scout Tower
11:05 Scout Tower
11:40 Guard Tower
11:47 Lumber Mill
11:48 Lumber Mill
12:11 Scout Tower
12:12 Scout Tower
12:13 Scout Tower
12:14 Scout Tower
12:15 Scout Tower
12:16 Scout Tower
12:17 Scout Tower
12:19 Scout Tower
12:58 Guard Tower
13:00 Arcane Vault
13:01 Arcane Vault
13:03 Scout Tower
13:12 Farm
13:15 Farm
13:18 Scout Tower
13:19 Scout Tower
13:20 Scout Tower
13:23 Scout Tower
13:24 Scout Tower
13:30 Guard Tower
13:32 Scout Tower
13:33 Scout Tower
13:34 Scout Tower
13:37 Scout Tower
13:38 Scout Tower
13:42 Scout Tower
13:44 Scout Tower
13:49 Scout Tower
13:52 Scout Tower
13:53 Scout Tower
13:56 Guard Tower
13:58 Guard Tower
13:59 Guard Tower
14:01 Guard Tower
14:24 Guard Tower
14:26 Scout Tower
14:26 Scout Tower
14:28 Scout Tower
14:29 Scout Tower
14:30 Guard Tower
14:34 Scout Tower
14:34 Scout Tower
14:41 Lumber Mill
15:07 Guard Tower
15:14 Arcane Tower
15:19 Lumber Mill
15:52 Scout Tower
16:01 Scout Tower
16:02 Scout Tower
16:03 Scout Tower
16:05 Guard Tower
16:29 Guard Tower
16:34 Scout Tower
16:35 Scout Tower
16:36 Scout Tower
16:38 Scout Tower
16:39 Scout Tower
16:40 Scout Tower
16:53 Scout Tower
16:54 Scout Tower
16:55 Scout Tower
16:57 Scout Tower
16:59 Scout Tower
17:00 Scout Tower
17:01 Scout Tower
17:01 Scout Tower
17:03 Scout Tower
17:33 Guard Tower
17:50 Guard Tower
18:14 Scout Tower
18:15 Scout Tower
18:16 Scout Tower
18:18 Guard Tower
18:30 Guard Tower
19:03 Scout Tower
20:13 Guard Tower
20:16 Scout Tower
20:18 Scout Tower
20:19 Scout Tower
20:20 Scout Tower
20:20 Scout Tower
20:21 Scout Tower
20:22 Scout Tower
20:22 Scout Tower
20:26 Town Hall
20:30 Guard Tower
20:32 Scout Tower
20:34 Scout Tower
20:38 Scout Tower
21:04 Guard Tower
21:15 Guard Tower
21:17 Scout Tower
21:17 Scout Tower
21:18 Scout Tower
21:19 Scout Tower
21:21 Guard Tower
21:24 Scout Tower
21:25 Scout Tower
21:58 Guard Tower
22:00 Scout Tower
22:01 Scout Tower
22:02 Scout Tower
22:02 Scout Tower
22:16 Guard Tower
22:36 Guard Tower
22:42 Arcane Vault
24:07 Scout Tower
24:08 Scout Tower
24:09 Scout Tower
24:10 Scout Tower
24:11 Scout Tower
24:12 Scout Tower
24:30 Arcane Tower
24:36 Scout Tower
24:37 Scout Tower
25:06 Guard Tower
25:08 Scout Tower
25:09 Scout Tower
25:39 Guard Tower
25:45 Scout Tower
26:16 Guard Tower
26:28 Scout Tower
26:58 Guard Tower
27:20 Scout Tower
27:21 Scout Tower
27:22 Scout Tower
27:22 Scout Tower
27:23 Scout Tower
27:24 Scout Tower
27:25 Scout Tower
27:25 Scout Tower
27:26 Scout Tower
27:27 Scout Tower
27:36 Scout Tower
27:37 Scout Tower
27:37 Scout Tower
27:38 Scout Tower
27:38 Scout Tower
36:02 Arcane Tower
36:12 Town Hall
37:07 Scout Tower
38:11 Guard Tower
38:14 Town Hall
40:27 Scout Tower
40:28 Scout Tower
40:30 Scout Tower
40:30 Scout Tower
41:06 Scout Tower
41:33 Guard Tower
41:34 Scout Tower
41:34 Scout Tower
41:37 Scout Tower
41:38 Scout Tower
41:47 Guard Tower
41:50 Town Hall
41:52 Scout Tower
41:53 Scout Tower
41:54 Scout Tower
41:56 Scout Tower
41:57 Scout Tower
41:57 Scout Tower
42:29 Guard Tower
42:31 Scout Tower
42:32 Scout Tower
43:27 Guard Tower
43:30 Scout Tower
43:32 Scout Tower
44:40 Guard Tower
45:19 Scout Tower
45:20 Scout Tower
45:21 Scout Tower
45:22 Scout Tower
45:23 Scout Tower
45:24 Scout Tower
46:20 Guard Tower
47:10 Guard Tower
47:14 Town Hall
48:16 Scout Tower
48:17 Scout Tower
49:01 Scout Tower
49:03 Scout Tower
49:05 Scout Tower
49:10 Scout Tower
49:17 Guard Tower
49:21 Scout Tower
49:48 Guard Tower
50:13 Scout Tower
50:17 Scout Tower
50:30 Town Hall
50:46 Guard Tower
50:53 Town Hall
51:06 Scout Tower
51:20 Guard Tower
51:32 Guard Tower
51:33 Guard Tower
52:58 Blacksmith
52:59 Blacksmith
54:15 Orc Burrow
54:16 Orc Burrow
54:32 Workshop
54:33 Workshop
54:44 Scout Tower
54:44 Scout Tower
54:47 Scout Tower
57:46 Arcane Sanctum
63:58 Guard Tower
» items
| Scroll of Regeneration | 8 | |
| Boots of Speed | 1 | |
| Periapt of Vitality | 2 | |
| Staff of Teleportation | 1 | |
| Potion of Healing | 6 | |
| Potion of Mana | 1 | |
| Lesser Clarity Potion | 6 | |
| Orb of Fire | 1 | |
| Mechanical Critter | 2 | |
| Potion of Lesser Invulnerability | 1 | |
| Scroll of Town Portal | 2 | |
| Scroll of Protection | 1 | |
| Scroll of Healing | 1 | |
| Dust of Appearance | 1 | |
34 total

»
Disturbia (
yellow | 30 APM | 2015 actions | 66:14)
9 Warden
3 Fan of Knives
3 Blink
1 Spirit of Vengeance
2 Shadow Strike
6 Priestess of the Moon
3 Searing Arrows
2 Trueshot Aura
1 Starfall
5 Keeper of the Grove
3 Entangling Roots
2 Thorns Aura
2 Shadow Hunter
1 Healing Wave
1 Hex
2 Tauren Chieftain
1 Endurance Aura
1 Reincarnation
1 Blademaster
1 Critical Strike
» actions
| Assign group hotkey | 43 | |
| Basic commands | 5 | |
| Build / train | 120 | |
| ESC pressed | 4 | |
| Enter build submenu | 47 | |
| Enter hero's abilities submenu | 25 | |
| Give item / drop item | 5 | |
| Right click | 892 | |
| Select / deselect | 602 | |
| Select group hotkey | 83 | |
| Use ability | 188 | |
2015 total
» units
| Wisp | 37 | |
| Archer | 7 | |
| Druid of the Talon | 7 | |
| Chimaera | 7 | |
| Shaman | 1 | |
59 total
» upgrades
| Strength of the Moon | 2 | |
| Moon Armor | 2 | |
| Improved Bows | 1 | |
| Strength of the Wild | 2 | |
| Reinforced Hides | 2 | |
| Ultravision | 1 | |
| Druid of the Talon Training | 2 | |
| Nature's Blessing | 1 | |
| Corrosive Breath | 1 | |
| Mark of the Talon | 1 | |
15 total
» buildings
| Moon Well | 17 | |
| Altar of Elders | 2 | |
| Ancient of War | 1 | |
| Hunter's Hall | 3 | |
| Ancient Protector | 4 | |
| Tree of Life | 10 | |
| Tree of Ages | 4 | |
| Tree of Eternity | 2 | |
| Ancient of Wind | 3 | |
| Chimaera Roost | 5 | |
| Great Hall | 1 | |
52 total
» build order
00:13 Moon Well
00:16 Altar of Elders
01:23 Ancient of War
01:36 Moon Well
02:17 Hunter's Hall
03:07 Moon Well
03:23 Ancient Protector
04:06 Ancient Protector
04:22 Tree of Life
05:06 Ancient Protector
05:36 Tree of Ages
05:55 Ancient Protector
06:36 Moon Well
08:04 Tree of Eternity
09:14 Ancient of Wind
10:34 Chimaera Roost
10:41 Chimaera Roost
11:32 Moon Well
11:50 Moon Well
12:00 Moon Well
14:00 Moon Well
17:14 Tree of Ages
20:02 Hunter's Hall
20:21 Moon Well
20:47 Tree of Life
21:00 Moon Well
21:05 Tree of Life
21:47 Tree of Life
25:39 Tree of Life
35:40 Tree of Life
41:43 Moon Well
42:00 Tree of Life
44:16 Tree of Life
45:06 Great Hall
49:13 Tree of Life
50:53 Moon Well
51:18 Tree of Ages
54:04 Tree of Ages
54:14 Tree of Life
56:26 Ancient of Wind
56:28 Ancient of Wind
56:33 Moon Well
56:44 Moon Well
58:44 Altar of Elders
59:23 Moon Well
59:28 Hunter's Hall
59:34 Moon Well
60:09 Tree of Eternity
60:14 Moon Well
64:07 Chimaera Roost
64:13 Chimaera Roost
64:45 Chimaera Roost
» items
| Boots of Speed | 2 | |
| Scroll of Town Portal | 3 | |
| Potion of Lesser Invulnerability | 3 | |
| Scroll of Healing | 3 | |
| Staff of Teleportation | 1 | |
12 total

»
Gal3eriel (
blue | 80 APM | 2488 actions | 31:02)
6 Blademaster
2 Critical Strike
3 Wind Walk
1 Bladestorm
4 Tauren Chieftain
2 Endurance Aura
2 War Stomp
2 Shadow Hunter
1 Healing Wave
1 Hex
» actions
| Assign group hotkey | 21 | |
| Basic commands | 36 | |
| Build / train | 98 | |
| Enter build submenu | 45 | |
| Enter hero's abilities submenu | 12 | |
| Give item / drop item | 1 | |
| Right click | 916 | |
| Select / deselect | 352 | |
| Select group hotkey | 894 | |
| Use ability | 113 | |
2488 total
» units
| Peon | 27 | |
| Troll Headhunter/Berserker | 15 | |
| Shaman | 9 | |
| Troll Witch Doctor | 5 | |
56 total
» upgrades
| Troll Regeneration | 1 | |
| Ranged Weapons | 3 | |
| Spiked Barricades | 2 | |
| Witch Doctor Training | 2 | |
| Shaman Training | 2 | |
| Armor | 1 | |
| Reinforced Defenses | 1 | |
| Berserker Upgrade | 1 | |
13 total
» buildings
| Altar of Storms | 1 | |
| Orc Burrow | 10 | |
| Voodoo Lounge | 1 | |
| Barracks | 2 | |
| War Mill | 2 | |
| Great Hall | 9 | |
| Watch Tower | 17 | |
| Stronghold | 1 | |
| Spirit Lodge | 2 | |
| Fortress | 1 | |
| Beastiary | 2 | |
48 total
» build order
00:09 Altar of Storms
00:13 Orc Burrow
00:38 Voodoo Lounge
01:28 Barracks
01:48 War Mill
02:30 Orc Burrow
03:16 Great Hall
03:59 Watch Tower
04:37 Great Hall
05:14 Watch Tower
05:38 Watch Tower
05:42 Watch Tower
05:54 Barracks
06:16 Stronghold
07:10 Orc Burrow
07:23 Watch Tower
07:40 Watch Tower
07:47 Watch Tower
07:52 Watch Tower
07:52 Watch Tower
07:52 Watch Tower
07:53 Watch Tower
08:37 Watch Tower
08:48 Watch Tower
09:06 Watch Tower
09:38 Orc Burrow
09:45 Orc Burrow
10:39 Spirit Lodge
11:10 Great Hall
11:33 Orc Burrow
12:18 Spirit Lodge
13:10 Fortress
13:44 Orc Burrow
13:47 Orc Burrow
16:23 Watch Tower
16:23 Watch Tower
16:24 Watch Tower
16:28 Orc Burrow
16:35 War Mill
16:58 Orc Burrow
18:55 Great Hall
18:59 Great Hall
20:57 Great Hall
21:12 Great Hall
21:23 Great Hall
27:49 Great Hall
29:50 Beastiary
29:51 Beastiary
» items
| Healing Salve | 3 | |
| Lesser Clarity Potion | 1 | |
| Scroll of Town Portal | 4 | |
| Orb of Lightning | 2 | |
| Potion of Healing | 1 | |
| Periapt of Vitality | 1 | |
12 total
HowsYourDaddy (
purple | 19 APM | 580 actions | 30:38)
1 Demon Hunter
1 Immolation
2 Priestess of the Moon
1 Trueshot Aura
1 Searing Arrows
1 Warden
1 Fan of Knives
» actions
| Build / train | 47 | |
| Enter build submenu | 19 | |
| Enter hero's abilities submenu | 4 | |
| Remove unit from queue | 4 | |
| Right click | 281 | |
| Select / deselect | 192 | |
| Use ability | 30 | |
580 total
» units
» upgrades
| Nature's Blessing | 1 | |
| Corrosive Breath | 1 | |
| Upgrade Moon Glaive | 1 | |
3 total
» buildings
| Altar of Elders | 1 | |
| Moon Well | 10 | |
| Ancient of War | 1 | |
| Tree of Ages | 1 | |
| Tree of Eternity | 1 | |
| Hunter's Hall | 1 | |
| Ancient of Wind | 1 | |
| Chimaera Roost | 2 | |
18 total
» build order
00:12 Altar of Elders
01:14 Moon Well
01:21 Moon Well
02:15 Ancient of War
02:35 Moon Well
02:51 Tree of Ages
05:14 Tree of Eternity
05:27 Hunter's Hall
08:31 Ancient of Wind
09:54 Chimaera Roost
10:28 Moon Well
11:31 Moon Well
11:37 Chimaera Roost
12:39 Moon Well
13:44 Moon Well
21:21 Moon Well
21:26 Moon Well
21:30 Moon Well
Chat log
(00:38 / Allies) Disturbia: rush?
(00:44 / Allies) Gal3eriel: nah
(00:44 / Allies) Gal3eriel: cc
(00:46 / Allies) SUPAlos3: ya cc
(00:47 / Allies) Gal3eriel: hhs casters
(04:22 / Allies) SUPAlos3: am i lagging?
(04:29 / Allies) Disturbia: yes
(04:49 / Allies) SUPAlos3: must
(05:00 / Allies) SUPAlos3: be all that brazillian butt porn
(05:02 / Allies) SUPAlos3: im downloading
(06:12 / Allies) Gal3eriel: please dont follow me green
(06:19 / Allies) SUPAlos3: wat?
(06:23 / Allies) SUPAlos3: ur units
(06:25 / Allies) SUPAlos3: are just blocking
(06:27 / Allies) SUPAlos3: my way
(06:36 / Allies) Gal3eriel: you are following me
(06:37 / All) SUPAlos3: ?
(06:41 / Allies) Gal3eriel: stop pleaes
(06:47 / Allies) SUPAlos3: yaya more creeping
(09:48 / Allies) SUPAlos3: gogo
(10:19 / Allies) SUPAlos3: brazzilian butt oprn
(10:33 / Allies) Gal3eriel: he can see you
(10:41 / Allies) SUPAlos3: u think i gaive a fuck
(10:45 / Allies) SUPAlos3: YELLWO
(10:46 / Allies) SUPAlos3: GET UR ASS HRE
(13:34 / Allies) Gal3eriel: get a fucking item shop
(14:56 / Allies) SUPAlos3: ..
(14:58 / Allies) SUPAlos3: wat are u doing
(17:06 / Allies) Disturbia: help my base
(17:10 / Allies) Gal3eriel: omw
(17:49 / Allies) Disturbia: tks blue
(20:35 / Allies) Disturbia: pink is down
(20:42 / Allies) SUPAlos3: oj i sbutt fucked
(20:45 / Allies) SUPAlos3: just like that brazilian
(20:46 / Allies) SUPAlos3: porn
(20:47 / Allies) SUPAlos3: i dl
(22:22 / Allies) Gal3eriel: anyone got some gold?
(22:30 / Allies) SUPAlos3: ya i got 5k
(22:33 / Allies) SUPAlos3: but u were mean to me
(22:34 / Allies) SUPAlos3: so idk
(22:54 / Allies) SUPAlos3: jk
(22:54 / Allies) SUPAlos3: i love
(22:55 / Allies) SUPAlos3: u blue
(22:57 / Allies) SUPAlos3: but u gotta
(23:00 / Allies) SUPAlos3: say u love
(23:01 / Allies) SUPAlos3: brasil
(23:08 / Allies) SUPAlos3: k?
(23:12 / Allies) SUPAlos3: ill give u gold
(23:17 / Allies) SUPAlos3: if u say
(23:19 / Allies) SUPAlos3: i love brasil
(24:51 / Allies) Disturbia: need gold
(24:55 / Allies) SUPAlos3: u ogtta
(24:57 / Allies) SUPAlos3: say i love brasil
(25:04 / Allies) SUPAlos3: for gol
(25:22 / Allies) Disturbia: need 200
(25:25 / Allies) SUPAlos3: nigger
(25:28 / Allies) SUPAlos3: did u listen to waht i said?
(25:40 / Allies) Disturbia: ty
(25:53 / Allies) Disturbia: come purp..red neds to die
(26:22 / All) SUPAlos3: HAHAHAHA
(28:24 / Allies) Disturbia: green some mortars would bne nice
(28:53 / Allies) Disturbia: we lose
(29:35 / Allies) Disturbia: kil tanks
(29:56 / Allies) Disturbia: need gold to rebuild
(30:42 / All) Holy.: gg
(30:43 / Allies) Gal3eriel: eww
(30:46 / All) Gal3eriel: stupid ass shit
(30:53 / All) Gal3eriel: fucking green got no unts all game
(31:15 / Allies) Disturbia: u lost this game for us green
(35:55 / Allies) SUPAlos3: hey
(35:57 / Allies) SUPAlos3: broooooo
(36:00 / Allies) Disturbia: >
(36:01 / Allies) Disturbia: ?>
(36:03 / Allies) SUPAlos3: sup
(36:04 / Allies) SUPAlos3: lets win
(36:05 / Allies) SUPAlos3: k?
(38:05 / Allies) SUPAlos3: lets get this
(38:06 / Allies) SUPAlos3: 1st
(42:21 / Allies) SUPAlos3: we'll just feed
(42:22 / Allies) SUPAlos3: blue gold
(42:25 / Allies) SUPAlos3: and make his shitz diz
(42:35 / Allies) SUPAlos3: red
(42:36 / Allies) SUPAlos3: here care
(44:13 / Allies) SUPAlos3: use
(44:15 / Allies) SUPAlos3: his niggas
(45:58 / All) SUPAlos3: Sup nig sup
(46:08 / Allies) SUPAlos3: too much
(46:09 / Allies) SUPAlos3: lets go
(46:13 / Allies) SUPAlos3: for the smaller ones fist
(46:23 / Allies) Disturbia: come
(46:50 / All) SUPAlos3: CYA
(46:50 / All) SUPAlos3: LOL
(46:58 / Allies) SUPAlos3: uther
(47:00 / Allies) SUPAlos3: pal;i
(47:01 / Allies) SUPAlos3: gj
(47:45 / Allies) Disturbia: just pink remains
(47:49 / Allies) SUPAlos3: ya
(47:51 / Allies) SUPAlos3: and all he has are fiends
(47:52 / Allies) SUPAlos3: LULU
(49:21 / Allies) Disturbia: njo not yet
(49:24 / Allies) SUPAlos3: k
(50:33 / Allies) SUPAlos3: none
(50:34 / Allies) SUPAlos3: we good
(50:51 / All) bleuwaffle: come get me fuckheads
(50:59 / All) SUPAlos3: Nigger did i say u can talk?
(50:59 / All) SUPAlos3: gg
(51:07 / All) bleuwaffle: gg as in we win?
(51:18 / All) SUPAlos3: GG as u just got nigafied
(51:29 / All) bleuwaffle: lol you got like ten units
(51:34 / All) latino1821: pink lots this for us
(51:39 / All) SUPAlos3: ROFL
(51:40 / All) SUPAlos3: MY TEAM
(51:41 / All) bleuwaffle: lmfao
(51:42 / All) SUPAlos3: JUST SAID THAT
(51:44 / All) SUPAlos3: WHEN THEY LEFT
(51:48 / All) latino1821: fucken idiot
(51:55 / All) latino1821: SHIT
(52:04 / All) bleuwaffle: yeah while you get owned
(52:16 / All) latino1821: I WONDER WHY
(52:26 / All) bleuwaffle: because you suck?
(53:35 / All) bleuwaffle: nooo my money
(53:43 / All) bleuwaffle: lol now i got owned
(54:00 / Allies) SUPAlos3: chims
(54:07 / All) bleuwaffle: next mine to the right
(54:13 / All) bleuwaffle: just finish me, im getting tired lol
(54:17 / Allies) SUPAlos3: yo
(54:18 / Allies) SUPAlos3: that mine
(54:20 / Allies) SUPAlos3: ahs no gold
(54:22 / Allies) SUPAlos3: so pointless
(54:55 / Allies) Disturbia: cointrol blue pls
(55:04 / Allies) SUPAlos3: im making units with him
(55:11 / Allies) SUPAlos3: chims
(55:16 / Allies) Disturbia: ill mass hipps as soon as my tech is done
(55:25 / Allies) SUPAlos3: ;o
(55:47 / Allies) Disturbia: use blue pls
(55:51 / Allies) SUPAlos3: i got
(55:53 / Allies) SUPAlos3: my own
(55:55 / Allies) SUPAlos3: army to control
(55:57 / Allies) SUPAlos3: u have nothing ??
(56:25 / All) bleuwaffle: mcowned
(57:01 / All) bleuwaffle: holy are you there?
(57:12 / All) SUPAlos3: yes
(57:36 / All) bleuwaffle: thats a lot of towers
(57:48 / All) SUPAlos3: Thanks
(57:54 / All) bleuwaffle: lol your welcome
(58:00 / All) SUPAlos3: <3
(58:11 / All) bleuwaffle: :P
(58:20 / All) bleuwaffle: can you guys just please come kill me
(58:22 / All) bleuwaffle: so i can leave
(58:23 / All) SUPAlos3: nope
(58:26 / All) SUPAlos3: we stretching it out
(58:27 / All) Disturbia: were working on it
(58:28 / All) SUPAlos3: for 10 hour game
(58:45 / All) bleuwaffle: lmao, theres nothing towork on, you already took my only mine
(60:01 / Allies) Disturbia: lol we pulled it off lol
(60:39 / Allies) SUPAlos3: lets end?
(60:40 / Allies) Disturbia: starfall is ready..hit [pink
(61:00 / Allies) SUPAlos3: rdy
(61:18 / All) bleuwaffle: kill me!
(61:20 / Allies) Disturbia: ok ready
(62:07 / All) bleuwaffle: thank you!
(62:24 / All) SUPAlos3: <3!!!
(62:43 / All) bleuwaffle: lol atleast this gave you some fun right? instead of owning those noobs
(62:44 / All) SUPAlos3: gg bro
(62:57 / All) bleuwaffle: yeah you too, it was a good game
(62:58 / All) SUPAlos3: ya!
(63:01 / All) Disturbia: gg
(63:04 / All) SUPAlos3: i went afk for like 10 mins tho
(63:07 / All) SUPAlos3: so idk how we still won
(63:18 / All) bleuwaffle: see yah, lol hothormes did shit all for us